 Dungeon Crawl Stone Soup version 0.26.0-18-gc5c842f807 (webtiles) character file.

Game seed: 7699383707602220803

2706 Qrupt the Insei (level 9, -4/61 HPs)
             Began as an Octopode Transmuter on Jan 22, 2021.
             Was a Believer of Okawaru.
             Slain by a two-headed ogre
             ... wielding a +0 giant club
              (18 damage)
             ... on level 8 of the Dungeon.
             The game lasted 00:20:46 (8652 turns).

Qrupt the Insei (Octopode Transmuter)               Turns: 8652, Time: 00:20:47

Health: -4/61      AC:  1    Str: 12    XL:     9   Next: 65%
Magic:  16/16      EV: 15    Int: 16    God:    Okawaru [**....]
Gold:   582        SH:  0    Dex: 12    Spells: 6/18 levels left

rFire    . . .     SeeInvis .   f - +0 dagger (venom)
rCold    . . .     Faith    .   (no shield)
rNeg     . . .     Spirit   .   (helmet restricted)
rPois    .         Reflect  .   (no amulet)
rElec    .         Harm     .   k - ring of resist corrosion
rCorr    +         Rampage  .   (no ring)
Will     .....                  (no ring)
Stlth    ++++......             (no ring)
HPRegen  0.20/turn              (no ring)
MPRegen  0.15/turn              (no ring)
                                (no ring)
                                (no ring)

@: no status effects
A: almost no armour, stealthy swim, amphibious, 8 rings, constrict 8, camouflage
1, gelatinous body 1
a: Renounce Religion, Heroism


You were on level 8 of the Dungeon.
You worshipped Okawaru.
Okawaru was pleased with you.
You visited 2 branches of the dungeon, and saw 9 of its levels.
You also visited: Sewer.

You collected 582 gold pieces.

Inventory:

Hand Weapons
 f - a +0 dagger of venom (weapon)
 n - a +2 dagger of electrocution
Missiles
 e - 9 boomerangs
 m - 21 poisoned darts (quivered)
Jewellery
 k - a ring of resist corrosion (left tentacle)
 l - an uncursed amulet of guardian spirit {unknown}
 r - an uncursed ring of teleportation
Wands
 A - a wand of enslavement (8)
Scrolls
 b - 3 scrolls of enchant weapon
 c - a scroll of fog {unknown}
 d - 7 scrolls of remove curse
 h - a scroll of noise {unknown}
 p - 3 scrolls of teleportation
 u - 2 scrolls of immolation {unknown}
 w - 2 scrolls of enchant armour {unknown}
 y - 3 scrolls of identify
 z - a scroll of amnesia {unknown}
Potions
 a - a potion of invisibility
 g - 2 potions of flight
 i - a potion of brilliance
 j - a potion of berserk rage {unknown}
 o - a potion of curing {unknown}
 q - 2 potions of resistance {unknown}
 s - 2 potions of mutation {unknown}
 t - a potion of heal wounds {unknown}
 v - 3 potions of might {unknown}
 x - a potion of attraction {unknown}


   Skills:
 + Level 5.3 Fighting
 + Level 5.6 Dodging
 + Level 4.6 Stealth
 + Level 6.1 Unarmed Combat
 + Level 5.1 Spellcasting
 + Level 5.6 Transmutations
 + Level 3.1 Ice Magic


You had 6 spell levels left.
You knew the following spells:

 Your Spells              Type           Power        Failure   Level
a - Beastly Appendage     Tmut           44%          1%          1
b - Wereblood             Tmut           22%          2%          2
c - Ice Form              Ice/Tmut       18%          24%         4
d - Blade Hands           Tmut           11%          38%         5

Your spell library contained the following spells:

 Spells                   Type           Power        Failure   Level
 Passwall                 Tmut/Erth      10%          7%          2
 Spider Form              Tmut/Pois      6%           14%         3
 Sandblast                Erth           8%           16%         1
 Confusing Touch          Hex            4%           41%         3
 Gell's Gravitas          Tloc           2%           41%         3
 Stone Arrow              Conj/Erth      8%           41%         3
 Petrify                  Tmut/Erth      13%          43%         4
 Yara's Violent Unravell  Hex/Tmut       6%           78%         5
 Metabolic Englaciation   Hex/Ice        4%           91%         5
 Lee's Rapid Deconstruct  Erth           2%           99%         5


Dungeon Overview and Level Annotations

Branches:
Dungeon (8/15)             Temple (1/1) D:5           Sewer (visited)
   Lair: D:8-11

Altars:
Ashenzari
Cheibriados
Dithmenos
Elyvilon
Fedhas
Gozag
Hepliaklqana
Kikubaaqudgha
Makhleb
Nemelex Xobeh
Okawaru
Qazlal
Ru
Sif Muna
Trog
Uskayaw
Vehumet
Wu Jian
Xom
Yredelemnul
Zin
The Shining One


Innate Abilities, Weirdness & Mutations

You cannot wear most types of armour.
You are very stealthy in the water. (Stealth+)
You are amphibious.
You can wear up to eight rings at the same time.
You can use your tentacles to constrict eight enemies at once.
Your skin changes colour to match your surroundings (Stealth+).
Your rubbery body absorbs attacks. (AC +1, EV +1)


Message History

You throw a poisoned dart.
The poisoned dart barely misses the two-headed ogre.
You hit the two-headed ogre but do no damage.
The two-headed ogre looks even sicker.
The two-headed ogre is moderately wounded.
The two-headed ogre completely misses you.
The two-headed ogre barely misses you.
You hit the two-headed ogre.
The two-headed ogre looks as sick as possible!
The two-headed ogre is heavily wounded.
The two-headed ogre barely misses you.
The two-headed ogre hits you with a +0 giant club.
You hit the two-headed ogre but do no damage.
The two-headed ogre looks as sick as possible!
Your squeeze misses the two-headed ogre.
The two-headed ogre is severely wounded.
The two-headed ogre hits you with a +0 giant club!
* * * LOW HITPOINT WARNING * * *
The two-headed ogre hits you with a +0 giant club!!
You die...

........#........#....#.....#
........#........#....#.....#
........#........#....#.....#
.########........#..>.#.....#
'#...............#....#.....#
.................#....#.....#
.................#....#(....#
................O#....'.....#
................@#....#.....#
..#####'#........#....#.....#
..#.....#........+....#.....#
..#.....#........#....#.....#
###.....#........#....#.....#
........##########....#.....#
................#####'#.....#
................#.....#.(...#
..[.............#.....#.(...#


You could see a two-headed ogre (extremely poisoned).

Vanquished Creatures
  A two-headed ogre (D:7)
  An ice beast (D:7)
  2 sky beasts
  A phantom (D:5)
  A necrophage (D:5)
  3 ogres
  2 centaurs
  2 bullfrogs (Sewer)
  A howler monkey (D:3)
  2 centaur zombies (D:6)
  A jelly (D:8)
  2 centaur skeletons
  2 hounds
  2 orc wizards
  2 bullfrog skeletons
  An iguana (D:7)
  Natasha (thrice) (D:2)
  8 worker ants
  A killer bee zombie (D:6)
  A hound skeleton (D:6)
  4 gnolls (D:6)
  7 adders
  2 river rats (D:6)
  3 shadow imps
  2 white imps
  12 oozes
  An adder skeleton (D:4)
  7 worms
  3 dart slugs
  15 leopard geckos
  15 orcs
  14 ball pythons
  13 giant cockroaches
  2 goblins (D:2)
  6 hobgoblins
  5 jackals
  8 kobolds
  2 quokkas
  3 bats
  12 frilled lizards
  A jackal zombie (D:7)
  3 leopard gecko skeletons
  5 rats
184 creatures vanquished.

Notes
Turn   | Place    | Note
-------+----------+-------------------------------------------
     0 | D:1      | Qrupt the Octopode Transmuter began the quest for the Orb.
     0 | D:1      | Reached XP level 1. HP: 13/13 MP: 3/3
   363 | D:1      | Reached XP level 2. HP: 18/18 MP: 5/5
  1337 | D:2      | Reached XP level 3. HP: 23/23 MP: 3/6
  1575 | D:2      | Noticed Natasha
  1579 | D:2      | Killed Natasha
  1658 | D:2      | Reached XP level 4. HP: 29/29 MP: 7/7
  1880 | D:2      | Noticed Natasha
  1892 | D:2      | Killed Natasha
  2109 | D:2      | Noticed Natasha
  2130 | D:2      | Killed Natasha
  2131 | D:2      | Reached XP level 5. HP: 16/34 MP: 7/9
  2734 | D:3      | Found a sacrificial altar of Ru.
  2894 | D:3      | Reached XP level 6. HP: 33/41 MP: 10/10
  2970 | D:3      | Reached skill level 4 in Unarmed Combat
  3675 | D:4      | Reached XP level 7. HP: 46/46 MP: 12/12
  4262 | D:5      | Entered Level 5 of the Dungeon
  4373 | D:5      | Learned a level 2 spell: Wereblood
  4378 | D:5      | Learned a level 4 spell: Ice Form
  4384 | D:5      | Learned a level 5 spell: Blade Hands
  4493 | D:5      | Found an opulent altar of Gozag.
  4877 | D:5      | Reached XP level 8. HP: 41/54 MP: 12/14
  5006 | D:5      | Reached skill level 5 in Unarmed Combat
  5185 | D:5      | Found a staircase to the Ecumenical Temple.
  5210 | Temple   | Entered the Ecumenical Temple
  5304 | Temple   | Became a worshipper of Warmaster Okawaru
  5377 | D:5      | Found an ornate altar of the Wu Jian Council.
  5588 | D:6      | Reached skill level 1 in Stealth
  5607 | D:6      | Reached skill level 1 in Ice Magic
  5751 | D:6      | Found a glowing drain.
  5782 | Sewer    | Entered a sewer
  6263 | Sewer    | Reached * piety under Okawaru
  6283 | Sewer    | Reached skill level 5 in Transmutations
  6586 | D:6      | Reached skill level 5 in Dodging
  7126 | D:7      | Reached XP level 9. HP: 55/59 MP: 14/16
  7543 | D:7      | Noticed a two-headed ogre
  7553 | D:7      | HP: 1/72 [two-headed ogre/+0 giant club (12)]
  7616 | D:7      | Killed a two-headed ogre
  7617 | D:7      | Reached skill level 5 in Fighting
  7617 | D:7      | Reached skill level 6 in Unarmed Combat
  7617 | D:7      | Reached skill level 5 in Spellcasting
  8070 | D:7      | Reached ** piety under Okawaru
  8609 | D:8      | Noticed a two-headed ogre
  8652 | D:8      | Slain by a two-headed ogre

Illustrated notes

Levels and vault maps discovered:
D:1:      ncdulo_halloftheorcs, layout_basic,
          wander_ebering_terrifying_dragon_lair
D:2:      layout_loops_ring, uniq_natasha
D:3:      layout_basic, nicolae_ru_path_of_blood
D:4:      layout_loops_cross
D:5:      layout_gridville, nzn_wu_jian_council_hall,
          minmay_temple_entry_offerings,
          nicolae_gozag_cash_rules_everything_around_me
D:6:      layout_loops_ring, portal_sewer_entry_b
D:7:      layout_loops_ring, serial_glass, glass_columns_c, glass_columns_a
D:8:      layout_gridville
Temple:   grunt_wide_crystal_templ

Skill      XL: |  1  2  3  4  5  6  7  8  9 |
---------------+----------------------------+-----
Fighting       | 2 3 4 5 |  5.3
Dodging        | 3 4 5 |  5.6
Spellcasting   | 3 4 5 |  5.1
Transmutations | 3 4 5 |  5.6
Unarmed Combat | 4 5 6 |  6.1
Stealth        | 3 4 |  4.6
Ice Magic      | 2 3 |  3.1

Action                   |  1- 3 |  4- 6 |  7- 9 || total
-------------------------+-------+-------+-------++-------
Melee: Unarmed           |    35 |       |     3 ||    38
       Constrict         |    16 |    30 |    56 ||   102
       Tentacles         |     6 |    26 |    48 ||    80
       Kick              |     9 |       |    12 ||    21
       Dagger            |    15 |   123 |   304 ||   442
       Punch             |     1 |     1 |    10 ||    12
Throw: Boomerang         |     2 |     1 |       ||     3
       Dart              |       |     5 |    19 ||    24
 Cast: Beastly Appendage |    11 |       |     5 ||    16
       Wereblood         |       |       |     8 ||     8
       Ice Form          |       |       |     1 ||     1
 Abil: End Transformatio |       |       |     1 ||     1
Evoke: Wand              |       |       |     2 ||     2
  Use: Scroll            |       |       |     6 ||     6
       Potion            |       |       |     1 ||     1
 Stab: Sleeping          |     5 |     5 |     7 ||    17
       Distracted        |       |       |     1 ||     1
Armor: Skin              |     1 |     5 |     8 ||    14
Dodge: Dodged            |    20 |    78 |   220 ||   318
